[Event "Early-Titled-Tuesday-Blitz-September-12-2023"]
[Site "Chess.com"]
[Date "2023.09.12"]
[Round "1"]
[White "ChessQueen"]
[Black "MAGMAchess02"]
[Result "0-1"]
[WhiteElo "2734"]
[BlackElo "2442"]
[TimeControl "180+1"]
[EndTime "8:06:56 PDT"]
[Termination "MAGMAchess02 won by resignation"]

1. c4 c5 2. Nf3 Nf6 3. g3 Nc6 4.
Bg2 g6 5. O-O Bg7 6. d4 cxd4 7.
Nxd4 O-O 8. Nc2 d6 9. Nc3 Be6 10. b3 Rc8 11. Bb2 a6 12. Ne3 Qd7 13. Rc1 Bh3 14.
Ncd5 Bxg2 15. Nxg2 Nxd5 16. Bxg7 Kxg7 17. Qxd5 Rfd8 18. Rfd1 e6 19. Qd2 Qe7 20. h4 d5 21.
Qb2+ d4 22. h5 e5 23. a3 Qg5 24. hxg6 hxg6 25. Qc2 f5 26. e3 dxe3 27. Nxe3 Nd4 28. Qb2 Nf3+ 29. Kg2 Nd4 30. Rh1 Rh8 31. Nd5 Qg4 32.
Qc3 Qe4+ 33. f3 Qe2+ 34. Kg1 Nxf3+ 35. Qxf3 Qxf3 0-1

[Event "Early-Titled-Tuesday-Blitz-September-12-2023"]
[Site "Chess.com"]
[Date "2023.09.12"]
[Round "1"]
[White "lachesisQ"]
[Black "GM4life"]
[Result "1-0"]
[WhiteElo "3067"]
[BlackElo "2533"]
[TimeControl "180+1"]
[EndTime "8:06:57 PDT"]
[Termination "lachesisQ won on time"]

1. e4 c5 2. Nf3 d6 3. d4 cxd4 4. Nxd4 Nf6 5. Nc3 a6 6. Be2 e5 7. Nb3 Be7 8. O-O O-O 9. Be3 Be6 10. Re1 Nbd7 11. a4 Rc8 12. a5 Rxc3 13. bxc3 Nxe4 14. Qd3 f5 15. c4 Qe8 16. Nd2 Ndc5 17. Bxc5 Nxc5 18. Qa3 Qc6 19. Rab1 d5 20. cxd5 Bxd5 21. Bc4 e4 22. Qa2 Bxc4 23. Qxc4+ Kh8 24. Nb3 Rc8 25. Red1 f4 26. Qf7 Bf6 27. Nd4 Qa4 28. Ne6 Nxe6 29.
Qxe6 Qxc2 30. h3 h6 31. Re1 e3 32. fxe3 Bh4 33. Rf1 Bf2+ 34. Rxf2 Qxb1+ 35. Kh2 Rd8 36. Rxf4 Qb5 37. Rf5 Qd7 38. Rf8+ Kh7 39. Qg8+ Kg6 40. Rxd8 Qc7+ 41. Kg1 1-0

[Event "Early-Titled-Tuesday-Blitz-September-12-2023"]
[Site "Chess.com"]
[Date "2023.09.12"]
[Round "1"]
[White "WelshTiger"]
[Black "scarabee43"]
[Result "0-1"]
[WhiteElo "2456"]
[BlackElo "2793"]
[TimeControl "180+1"]
[EndTime "8:06:57 PDT"]
[Termination "scarabee43 won by resignation"]

1. e4 c5 2. Nf3 e6 3. b3 Nc6 4.
Bb2 Qc7 5. Bb5 a6 6. Bxc6 Qxc6 7. Nc3 d6 8. O-O Nf6 9. Re1 e5 10. d3 Be7 11. Ne2 O-O 12. Ng3 g6 13. h3 b5 14. c3 Ne8 15. d4 f6 16. Nf1 Bb7 17. Qd2 Ng7 18. Rad1 Rfd8 19. d5 Qd7 20. c4 Nh5 21.
Ne3 Nf4 22. Kh2 Kg7 23. Ng1 bxc4 24. Nxc4 Qb5 25. Bc3 Rd7 26. g3 Nh5 27. f4 Kg8 28. Rf1 Bf8 29. Ba5 Rg7 30. f5 gxf5 31. Rxf5 Nxg3 32.
Rf3 Nxe4 33. Qe3 Ng5 34. Rxf6 Be7 35. Rf5 Qd7 36. Rff1 Rf8 37. Rxf8+ Bxf8 38. Nf3 Qxh3+ 39. Kg1 Ne4+ 0-1

[Event "Early-Titled-Tuesday-Blitz-September-12-2023"]
[Site "Chess.com"]
[Date "2023.09.12"]
[Round "1"]
[White "Willychess95"]
[Black "vladoboch"]
[Result "0-1"]
[WhiteElo "2701"]
[BlackElo "2421"]
[TimeControl "180+1"]
[EndTime "8:06:57 PDT"]
[Termination "vladoboch won by resignation"]

1. e4 c5 2. Nf3 Nc6 3. d4 cxd4 4. Nxd4 Nf6 5. Nc3 e5 6. Ndb5 d6 7. Bg5 a6 8. Na3 b5 9. Nd5 Be7 10. Bxf6 Bxf6 11. c4 b4 12. Nc2 a5 13. g3 O-O 14.
Bg2 Bg5 15. O-O Rb8 16. b3 Kh8 17. Qd3 g6 18. Rad1 f5 19. f4 Bh6 20. Nde3 exf4 21. gxf4 fxe4 22. Bxe4 Ne7 23. f5 gxf5 24. Bg2 f4 25. Nd5 Bf5 26. Qe2 Nxd5 27. Bxd5 Qg5+ 28. Kh1 Rbe8 29. Qf2 Bg7 30. Rg1 Qh6 31. Nd4 Be4+ 32. Bxe4 Rxe4 33. Nb5 Be5 34. Qc2 f3 35. Nxd6 Re2 36.
Nf7+ Rxf7 37. Rd8+ Rf8 0-1

[Event "Early-Titled-Tuesday-Blitz-September-12-2023"]
[Site "Chess.com"]
[Date "2023.09.12"]
[Round "1"]
[White "MusicCityMaster"]
[Black "Rutricks"]
[Result "0-1"]
[WhiteElo "2378"]
[BlackElo "2676"]
[TimeControl "180+1"]
[EndTime "8:06:57 PDT"]
[Termination "Rutricks won by resignation"]

1. e4 g6 2. d4 Bg7 3. h4 d5 4. e5 c5 5. c3 Nc6 6. h5 cxd4 7. cxd4 Nh6 8. hxg6 hxg6 9. Nc3 Bg4 10. Be2 Bxe2 11. Ngxe2 Nf5 12. Rxh8+ Bxh8 13. g4 Nh4 14. Qd3 f6 15.
Nf4 fxe5 16. dxe5 Nxe5 17. Qb5+ Nc6 18. Ncxd5 Qd7 19. Be3 Nf3+ 20. Kf1 Rc8 21. Rc1 a6 22.
Qd3 Nce5 23. Rxc8+ Qxc8 24. Qa3 Qd7 25. Ne6 Kf7 26.
Nef4 e6 27. Nc3 g5 28. Nfe2 Nxg4 29. Qb4 Nxe3+ 30. fxe3 Kg8 31. Qc4 Nd2+ 32. Ke1 Nxc4 33. b3 Qd2+ 34. Kf2 Qxe3+ 0-1

[Event "Early-Titled-Tuesday-Blitz-September-12-2023"]
[Site "Chess.com"]
[Date "2023.09.12"]
[Round "1"]
[White "jguerramzllo"]
[Black "schackspelaren"]
[Result "1-0"]
[WhiteElo "2646"]
[BlackElo "2298"]
[TimeControl "180+1"]
[EndTime "8:06:57 PDT"]
[Termination "jguerramzllo won on time"]

1. e4 e6 2. d4 d5 3. Nc3 Nf6 4. e5 Nfd7 5. f4 c5 6. Nf3 Nc6 7. Be3 a6 8. Qd2 b5 9. dxc5 Bxc5 10. Bd3 Qb6 11. Bf2 b4 12. Na4 Bxf2+ 13. Qxf2 Qxf2+ 14. Kxf2 a5 15. b3 Ba6 16. Ke3 Ke7 17.
Rac1 Rhc8 18. h4 h6 19. h5 f6 20. exf6+ gxf6 21. Nh4 Kd6 22. g4 Ne7 23. Ng6 Nc6 24. Kd2 Bxd3 25. cxd3 e5 26. Rhf1 exf4 27. Rxf4 Nce5 28.
Rxc8 Rxc8 29. Nh4 Rh8 30. Nf5+ Ke6 31. d4 Nc6 32. Rf1 Kf7 33. Re1 1-0

[Event "Early-Titled-Tuesday-Blitz-September-12-2023"]
[Site "Chess.com"]
[Date "2023.09.12"]
[Round "1"]
[White "Sjakkerntobi"]
[Black "Oleksandr_Bortnyk"]
[Result "1/2-1/2"]
[WhiteElo "2535"]
[BlackElo "3019"]
[TimeControl "180+1"]
[EndTime "8:06:58 PDT"]
[Termination "Game drawn by repetition"]

1. e4 Nf6 2. e5 Nd5 3. Nc3 Nxc3 4. dxc3 d6 5. Nf3 Nc6 6. Bf4 dxe5 7. Nxe5 Qxd1+ 8.
Rxd1 Nxe5 9. Bxe5 c6 10. Bc4 f6 11. Bg3 Bf5 12. Bd3 Bxd3 13. cxd3 h5 14. h3 h4 15. Bh2 Kf7 16. O-O Rd8 17. Rfe1 e5 18. f4 Bc5+ 19.
Kf1 Rh5 20. Ke2 exf4 21. Bxf4 Rf5 22. d4 Rxf4 23. dxc5 Re8+ 24. Kd3 Rxe1 25. Rxe1 Rf2 26. Re4 g5 27. Rb4 Rxg2 28. Rxb7+ Ke6 29. Kc4 f5 30. Rc7 g4 31. hxg4 fxg4 32. Rxc6+ Kd7 33. Rh6 h3 34.
c6+ Ke7 35. Kc5 Rf2 36. Rh7+ Kd8 37. Rh8+ Kc7 38. Rh7+ Kc8 39. Rh8+ Kc7 40. Rh7+ Kd8 41. Rh8+ Kc7 1/2-1/2

[Event "Early-Titled-Tuesday-Blitz-September-12-2023"]
[Site "Chess.com"]
[Date "2023.09.12"]
[Round "1"]
[White "Real_taiatai"]
[Black "BahadirOzen"]
[Result "0-1"]
[WhiteElo "2456"]
[BlackElo "2808"]
[TimeControl "180+1"]
[EndTime "8:06:58 PDT"]
[Termination "BahadirOzen won by resignation"]

1. d4 e6 2. g3 Nf6 3. Bg2 c5 4. c3 d5 5. Nf3 Nbd7 6. O-O Be7 7.
Re1 O-O 8. Bf4 b6 9. Ne5 Bb7 10. Nd2 Nh5 11. Be3 Nhf6 12. Bf4 Nxe5 13. Bxe5 Nd7 14. Bf4 cxd4 15. cxd4 Rc8 16. Nf3 Bb4 17. Bd2 Qe7 18. a3 Bxd2 19. Qxd2 Rc7 20. Rac1 Rfc8 21. Rxc7 Rxc7 22. Rc1 Qd6 23. Rc3 h6 24. e3 Ba6 25.
Qc2 Rxc3 26. Qxc3 Qb8 27. b4 Qc8 28. Qxc8+ Bxc8 29. Bf1 f6 30. Bb5 Kf7 31. Kf1 g5 32. Ke2 Ke7 33. Kd3 Kd6 34. h4 Nf8 35. hxg5 hxg5 36.
Nd2 Bb7 37. f3 a6 38. Ba4 Ng6 39. Be8 Ne7 40. f4 gxf4 41. exf4 e5 42. fxe5+ fxe5 43. dxe5+ Kxe5 44. Nf3+ Kf6 45. Nd4 Bc8 46. a4 Ke5 47. a5 bxa5 48. bxa5 Bh3 49. Nc6+ Nxc6 50. Bxc6 Bf1+ 51. Ke3 d4+ 52. Kf2 Bc4 53. g4 Kf4 54. Bd7 d3 55. Bc8 d2 0-1

[Event "Early-Titled-Tuesday-Blitz-September-12-2023"]
[Site "Chess.com"]
[Date "2023.09.12"]
[Round "1"]
[White "Hilary46"]
[Black "klauser63"]
[Result "1-0"]
[WhiteElo "2563"]
[BlackElo "2204"]
[TimeControl "180+1"]
[EndTime "8:06:59 PDT"]
[Termination "Hilary46 won by checkmate"]

1. e4 c5 2. Nf3 a6 3. c4 b6 4. Nc3 Bb7 5. Be2 e6 6. O-O Nc6 7. d4 cxd4 8. Nxd4 Qc7 9. Be3 Nf6 10. Nxc6 dxc6 11. c5 b5 12. b4 Rd8 13. Qc2 Be7 14.
f4 O-O 15. Bf3 e5 16. f5 a5 17. a3 Ra8 18. g4 h6 19. Kg2 Nh7 20. Bf2 Ra7 21.
h4 Rfa8 22. Rad1 axb4 23. axb4 Ra3 24. Rd2 Nf8 25. Kh1 Bc8 26. Rg1 Ra1 27. Rdd1 Rxd1 28. Qxd1 Ra3 29. Qc1 Qa7 30. g5 hxg5 31. hxg5 f6 32.
gxf6 Bxf6 33. Bd1 Ra1 34. Bb3+ Be6 35. Bxe6+ Nxe6 36. Qxa1 Qf7 37. fxe6 Qh5+ 38. Kg2 Qg4+ 39. Kf1 Qh3+ 40. Ke2 Qh5+ 41. Kd2 Bg5+ 42. Kc2 Qf3 43. Rxg5 Qxf2+ 44. Kb3 Qe3 45. Qa8+ Kh7 46. Rh5+ Kg6 47.
Qe8+ Kf6 48. Qf7# 1-0

[Event "Early-Titled-Tuesday-Blitz-September-12-2023"]
[Site "Chess.com"]
[Date "2023.09.12"]
[Round "1"]
[White "jaskol95"]
[Black "Witty_Alien"]
[Result "0-1"]
[WhiteElo "2537"]
[BlackElo "2162"]
[TimeControl "180+1"]
[EndTime "8:07:00 PDT"]
[Termination "Witty_Alien won by resignation"]

1. e4 c5 2. Nf3 d6 3. Bb5+ Bd7 4. a4 g6 5. d4 cxd4 6. Qxd4 Nf6 7. Nc3 Bg7 8. Qd3 Nc6 9. O-O O-O 10. Bg5 a6 11. Bc4 Nb4 12. Qe2 Rc8 13. Bb3 Bg4 14. h3 Bh5 15.
Bxf6 Bxf6 16. g4 Bxc3 17. bxc3 Rxc3 18. gxh5 Qa5 19. e5 dxe5 20. Qxe5 Rc5 21. Qxe7 Rxh5 22. Kg2 Qf5 23. Rh1 Nc6 24. Qe3 Rd8 25. Rae1 h6 26. Qe4 Qf6 27. Re3 Rf5 28. h4 Rf4 29. h5 Rxe4 30. Rxe4 g5 31. Rhe1 Kg7 32.
Nh2 Nd4 33. Bc4 Qc6 34. Bd3 f5 35. f3 fxe4 36. Bxe4 Qc3 37. Ng4 Qxe1 38. Nf2 Rf8 39. Nd3 Qe2+ 40. Kg3 Rxf3+ 41. Bxf3 Qxf3+ 42. Kh2 Ne2 43. Ne5 Qg3+ 0-1

[Event "Early-Titled-Tuesday-Blitz-September-12-2023"]
[Site "Chess.com"]
[Date "2023.09.12"]
[Round "1"]
[White "drragnar1"]
[Black "Druid24"]
[Result "1-0"]
[WhiteElo "2389"]
[BlackElo "2651"]
[TimeControl "180+1"]
[EndTime "8:07:01 PDT"]
[Termination "drragnar1 won by resignation"]

1. c4 Nf6 2. Nc3 g6 3. g3 Bg7 4.
Bg2 O-O 5. Nf3 d6 6. O-O c6 7. Rb1 Bf5 8. d3 Qd7 9. b4 Bh3 10. b5 Bxg2 11. Kxg2 Rc8 12. bxc6 Nxc6 13. Nd5 Nxd5 14.
cxd5 Ne5 15. Nxe5 Bxe5 16. Qb3 b6 17. Be3 Rc3 18. Qb4 Rac8 19. Rfc1 Qb7 20. Qe4 Rc2 21. Rxc2 Rxc2 22. d4 Rc4 23. Rc1 f5 24. Qf3 Rxc1 25. Bxc1 Bxd4 26. e4 Qc8 27. Bg5 Kf7 28. g4 b5 29. gxf5 gxf5 30. Qh5+ Kg8 31. Bxe7 fxe4 32. Qg5+ Bg7 33. Bxd6 Qd7 34. Be5 e3 35. Qxg7+ Qxg7+ 36. Bxg7 Kxg7 37. fxe3 b4 38. Kf2 a5 39. Ke2 Kf6 40.
Kd3 Ke5 41. Kc4 h5 42. h4 Kd6 43. e4 Ke5 44. Kb3 Kd6 45. Ka4 Kc5 46. Kxa5 Kc4 47. d6 Kc3 48. d7 Kb2 49. d8=Q 1-0

[Event "Early-Titled-Tuesday-Blitz-September-12-2023"]
[Site "Chess.com"]
[Date "2023.09.12"]
[Round "1"]
[White "mjray79"]
[Black "AleksandrAleksikov"]
[Result "0-1"]
[WhiteElo "2561"]
[BlackElo "2284"]
[TimeControl "180+1"]
[EndTime "8:07:01 PDT"]
[Termination "AleksandrAleksikov won by checkmate"]

1. Nf3 Nf6 2. c4 g6 3. e3 Bg7 4.
d4 d6 5. Be2 O-O 6. O-O Nbd7 7.
Nc3 e5 8. b4 c6 9. a4 Re8 10.
Ba3 e4 11. Nd2 Nf8 12. b5 Qe7 13. Qc2 c5 14. dxc5 dxc5 15. Rad1 h5 16. Nd5 Nxd5 17. cxd5 b6 18. d6 Qe5 19. a5 Bg4 20. Nc4 Qg5 21.
Bxg4 hxg4 22. Bb2 Nd7 23. Bxg7 Kxg7 24. Qc3+ f6 25. axb6 Rh8 26. b7 Rxh2 27. Rfe1 Rah8 28. Kf1 g3 29. Nd2 gxf2 30. Nxe4 Qxg2+ 31. Ke2 fxe1=Q+ 32. Kd3 Qge2# 0-1

[Event "Early-Titled-Tuesday-Blitz-September-12-2023"]
[Site "Chess.com"]
[Date "2023.09.12"]
[Round "1"]
[White "Vuk2000"]
[Black "OlaaLa"]
[Result "1-0"]
[WhiteElo "2760"]
[BlackElo "2428"]
[TimeControl "180+1"]
[EndTime "8:07:02 PDT"]
[Termination "Vuk2000 won by resignation"]

1. d4 f5 2. c4 Nf6 3. Nf3 g6 4. g3 Bg7 5. Bg2 O-O 6. b4 d6 7.
O-O c6 8. Nc3 Ne4 9. Bb2 Nxc3 10. Bxc3 Be6 11. Qd3 f4 12. gxf4 Qd7 13. Ng5 h6 14.
Nxe6 Qxe6 15. d5 Qg4 16. Bxg7 Kxg7 17. e3 cxd5 18. Qxd5 Nd7 19. Kh1 Rab8 20. Rg1 Nf6 21. Qd3 Qe6 22. Bxb7 Ng4 23. Rxg4 Qxg4 24. Rg1 Qe6 25.
Bd5 Qf6 26. Be4 g5 27. fxg5 hxg5 28. f4 Rh8 29. Rxg5+ Kf8 30. Rf5 Rxb4 31. Rxf6+ exf6 32. Qxd6+ Kg7 33. Qe7+ Kh6 34. Qxf6+ 1-0

[Event "Early-Titled-Tuesday-Blitz-September-12-2023"]
[Site "Chess.com"]
[Date "2023.09.12"]
[Round "1"]
[White "dzilleruelo"]
[Black "Russian_berezka"]
[Result "1/2-1/2"]
[WhiteElo "2313"]
[BlackElo "2612"]
[TimeControl "180+1"]
[EndTime "8:07:02 PDT"]
[Termination "Game drawn by repetition"]

1. e4 c5 2. Nf3 Nc6 3. Bb5 e6 4. Bxc6 bxc6 5. O-O d6 6. Qe2 e5 7. c3 Bg4 8. h3 Bh5 9. g4 Bg6 10. d4 Qc7 11. dxe5 dxe5 12. Na3 Nf6 13. Nc4 Nd7 14. Bg5 f6 15. Bh4 Be7 16. Rad1 O-O 17. Bg3 Rfd8 18. Nh4 Bf7 19. Nf5 Bf8 20. b3 Nb6 21. Nxb6 axb6 22. c4 g6 23. Ne3 Rd4 24. Nc2 Rxd1 25. Rxd1 Rxa2 26. Qd3 b5 27. Ne3 Qa5 28. cxb5 Qxb5 29. Nc4 Qa6 30. Qd8 Ra1 31. Rxa1 Qxa1+ 32. Kg2 Qd4 33.
Qxf6 Qxe4+ 34. Kh2 Bd5 35. f3 Qe2+ 36. Kg1 Bxf3 37.
Qe6+ Kg7 38. Bxe5+ Kh6 39. Bf4+ Kg7 40. Be5+ Kh6 41.
Bf4+ Kg7 42. Be5+ 1/2-1/2

[Event "Early-Titled-Tuesday-Blitz-September-12-2023"]
[Site "Chess.com"]
[Date "2023.09.12"]
[Round "1"]
[White "hongnhung1234"]
[Black "Duhless"]
[Result "0-1"]
[WhiteElo "2518"]
[BlackElo "2974"]
[TimeControl "180+1"]
[EndTime "8:07:03 PDT"]
[Termination "Duhless won by resignation"]

1. e4 e5 2. Nf3 Nc6 3. d4 exd4 4.
Nxd4 Qh4 5. Nc3 Bb4 6. Be2 Nge7 7.
Nb5 Ba5 8. g3 Qf6 9. Bd2 a6 10.
Nd5 Bxd2+ 11. Qxd2 Nxd5 12. exd5 axb5 13. dxc6 dxc6 14.
O-O O-O 15. c3 Bh3 16. Rfe1 Rad8 17. Qc2 Rfe8 18. Bf1 Bf5 19. Rxe8+ Rxe8 20. Qd2 Qd6 21. Qg5 Bg6 22. h4 h6 23. Qg4 Qd2 24. h5 Bh7 25.
Rd1 Qxb2 26. Rd7 Qxa2 27. Rxc7 Be4 28. Rxb7 Bd5 29. Rc7 Qc2 30. Rc8 Rxc8 31. Qxc8+ Kh7 32. Qg4 Qe4 33. Qh3 Qf3 34. Qh2 Qxc3 35. g4 Qf3 36. g5 Qg4+ 37. Bg2 Qxg2+ 38. Qxg2 Bxg2 39. Kxg2 hxg5 0-1

[Event "Early-Titled-Tuesday-Blitz-September-12-2023"]
[Site "Chess.com"]
[Date "2023.09.12"]
[Round "1"]
[White "Ncatt"]
[Black "Fandorine"]
[Result "1-0"]
[WhiteElo "2527"]
[BlackElo "2918"]
[TimeControl "180+1"]
[EndTime "8:07:03 PDT"]
[Termination "Ncatt won by resignation"]

1. e4 e5 2. Nf3 Nc6 3. Bc4 Nf6 4. O-O Nxe4 5. Qe2 d5 6. Bb5 Bd6 7. c4 a6 8. cxd5 axb5 9. dxc6 Nf6 10. cxb7 Bxb7 11.
Qxb5+ Qd7 12. Qxb7 O-O 13. Qb3 e4 14. Ne1 Rab8 15.
Qc4 Qg4 16. h3 Qf4 17. g3 Qf5 18. Kg2 h5 19. h4 Ng4 20. Nc3 Rb4 21. Qe2 Qg6 22. d3 f5 23. Bg5 Rfb8 24. b3 Be5 25. Rc1 Kh7 26. dxe4 fxe4 27. Nd5 Rd4 28. Ne3 Nf6 29.
Bxf6 gxf6 30. Rc4 Rd7 31. N1c2 Rg8 32. Rc5 Rd3 33. Nb4 Rd4 34. Nc6 Bxg3 35. Qxh5+ 1-0

[Event "Early-Titled-Tuesday-Blitz-September-12-2023"]
[Site "Chess.com"]
[Date "2023.09.12"]
[Round "1"]
[White "kushbhagat2009"]
[Black "Road2GM3000"]
[Result "1-0"]
[WhiteElo "2641"]
[BlackElo "2340"]
[TimeControl "180+1"]
[EndTime "8:07:03 PDT"]
[Termination "kushbhagat2009 won by resignation"]

1. d4 d5 2. Bf4 Nf6 3. e3 c6 4. Nf3 Bg4 5. c4 e6 6. Qb3 Qa5+ 7. Nc3 Bb4 8. Ne5 Bf5 9. a3 Bxc3+ 10. Qxc3 Qxc3+ 11. bxc3 Nbd7 12. Be2 Nxe5 13. Bxe5 O-O 14. O-O Ne4 15.
Rfc1 Nd2 16. Ra2 Nxc4 17. Bxc4 dxc4 18. f3 Bd3 19. Kf2 Rfd8 20. Rb2 b5 21. a4 a6 22. a5 Rac8 23. e4 c5 24. dxc5 Rxc5 25. Bd4 Rc6 26. Ke3 f6 27. f4 Rcd6 28. Bc5 R6d7 29. Bb6 Re8 30. e5 Rd5 31. Bd4 Kf7 32. Re1 g5 33. exf6 gxf4+ 34. Kxf4 Rf5+ 35. Ke3 e5 36. Bc5 Rxf6 37. Rf2 Re6 38. Rxf6+ Rxf6 39. Kd2 Ke6 40. Bd4 e4 41. Bxf6 Kxf6 42. Ke3 Kf5 43. h3 h5 44. g3 Kg5 45. Kd4 Kf5 46. Re3 Kg5 47. Kc5 Kf5 48.
Kb6 h4 49. Kxa6 hxg3 50. Rxg3 Kf4 51. Rg1 e3 52. Kxb5 Kf3 53. a6 Kf2 54. Ra1 e2 55. a7 Be4 56. Kxc4 e1=Q 57. Rxe1 Kxe1 58. Kd4 Ba8 59.
h4 Kf2 60. h5 1-0

[Event "Early-Titled-Tuesday-Blitz-September-12-2023"]
[Site "Chess.com"]
[Date "2023.09.12"]
[Round "1"]
[White "Tonychess32"]
[Black "abhidabhi"]
[Result "0-1"]
[WhiteElo "2500"]
[BlackElo "2910"]
[TimeControl "180+1"]
[EndTime "8:07:06 PDT"]
[Termination "abhidabhi won on time"]

1. e4 c5 2. Nf3 Nc6 3. c3 d5 4.
exd5 Qxd5 5. d4 e6 6. Be2 Nf6 7. O-O Be7 8. h3 O-O 9. Be3 cxd4 10. Nxd4 Nxd4 11. Bxd4 Qd6 12. Nd2 Qc7 13. Bf3 e5 14.
Be3 Bf5 15. Qb3 e4 16. Be2 Rad8 17. Rfe1 Nd5 18. Nf1 Be6 19. Qa4 Nxe3 20. Nxe3 f5 21. Bc4 Bxc4 22. Qxc4+ Qxc4 23. Nxc4 b5 24. Ne3 Rd2 25.
Rab1 f4 26. Nf1 Rc2 27. Rec1 Re2 28. Re1 Rc2 29. Rec1 Rxc1 30. Rxc1 Bc5 31. Re1 Re8 32. Re2 Kf7 33. Nd2 e3 34. fxe3 Bxe3+ 35. Kf1 g5 36. Nf3 Kf6 37. Nd4 h5 38. Nc2 g4 39.
hxg4 hxg4 40. Nxe3 fxe3 41. Re1 Kf5 42. Ke2 Kf4 0-1

[Event "Early-Titled-Tuesday-Blitz-September-12-2023"]
[Site "Chess.com"]
[Date "2023.09.12"]
[Round "1"]
[White "alexrustemov"]
[Black "DeArron_Fox"]
[Result "1-0"]
[WhiteElo "2898"]
[BlackElo "2497"]
[TimeControl "180+1"]
[EndTime "8:07:06 PDT"]
[Termination "alexrustemov won on time"]

1. d4 d5 2. c4 e6 3. Nc3 Nf6 4. Bg5 Be7 5. e3 h6 6. Bxf6 Bxf6 7. Nf3 O-O 8. Rc1 b6 9. cxd5 exd5 10. b4 c6 11. Be2 Be6 12. a4 Nd7 13. O-O a5 14. bxa5 Rxa5 15. Rb1 Qa8 16. Qc2 c5 17. Bb5 cxd4 18.
Nxd4 Rc8 19. Qd2 Nc5 20. Rfd1 Ra7 21. h3 Rac7 22. Nde2 Rd8 23. Nd4 Qa5 24. Nce2 Qxd2 25. Rxd2 Ne4 26. Rdb2 Rdc8 27. Ba6 Ra8 28. Rxb6 Nd2 29.
Ra1 Bd7 30. a5 Rca7 31. Bb5 Rxa5 32. Rxa5 Rxa5 33. Rb8+ Kh7 34. Bd3+ g6 35. Rb7 Ra1+ 36. Kh2 Nf1+ 37. Kg1 Nxe3+ 38. Bb1 Be6 39. fxe3 1-0

[Event "Early-Titled-Tuesday-Blitz-September-12-2023"]
[Site "Chess.com"]
[Date "2023.09.12"]
[Round "1"]
[White "ShahMatKanal"]
[Black "Zhigalko_Sergei"]
[Result "0-1"]
[WhiteElo "2489"]
[BlackElo "2881"]
[TimeControl "180+1"]
[EndTime "8:07:06 PDT"]
[Termination "Zhigalko_Sergei won on time"]

1. d4 Nf6 2. c4 e6 3. Nf3 b6 4. g3 Ba6 5. Nbd2 Bb7 6. Bg2 c5 7.
O-O cxd4 8. Nxd4 Bxg2 9. Kxg2 Qc7 10. b3 Qb7+ 11. N4f3 Be7 12. Bb2 O-O 13. Rc1 d6 14.
Qc2 Nbd7 15. Qb1 a6 16. Rfd1 b5 17. Kg1 h6 18. Qa1 Rfc8 19. h3 Nc5 20. Bd4 b4 21.
Bxc5 Rxc5 22. Qd4 a5 23. Ne1 a4 24. Nd3 Rcc8 25. Qb2 Nd7 26. e4 Bf6 27. Qc2 axb3 28. axb3 Bc3 29. Nb1 Bd4 30. Qe2 Ra1 31. Nd2 Ra2 32. Qf1 Nc5 33. Nxc5 dxc5 34. Rb1 Rd8 35. Kh1 Bf6 36. Qe2 Bc3 0-1

[Event "Early-Titled-Tuesday-Blitz-September-12-2023"]
[Site "Chess.com"]
[Date "2023.09.12"]
[Round "1"]
[White "gaby_przz"]
[Black "carokannlover213"]
[Result "0-1"]
[WhiteElo "2405"]
[BlackElo "2723"]
[TimeControl "180+1"]
[EndTime "8:07:06 PDT"]
[Termination "carokannlover213 won on time"]

1. d4 Nf6 2. Bg5 d5 3. Bxf6 gxf6 4. g3 e5 5. Bg2 Be6 6. Nf3 Bd6 7. O-O e4 8. Nh4 f5 9. Bh3 Qf6 10. e3 Qg5 11. Kh1 Nd7 12. c4 c6 13. cxd5 cxd5 14.
Nc3 O-O 15. Nb5 Be7 16. Ng2 a6 17. Nc7 Rac8 18. Nxe6 fxe6 19. Nf4 Rc6 20. Rc1 Rfc8 21. Qd2 Nf8 22. Rxc6 Rxc6 23. Rc1 Bb4 24. Qd1 Qd8 25. Rxc6 bxc6 26. Qa4 Qb6 27. Qb3 Qa5 28. a3 Bd6 29. Bf1 Qe1 30. Kg2 Bxf4 31. gxf4 Ng6 0-1

[Event "Early-Titled-Tuesday-Blitz-September-12-2023"]
[Site "Chess.com"]
[Date "2023.09.12"]
[Round "1"]
[White "arenal72"]
[Black "GMBenjaminBok"]
[Result "0-1"]
[WhiteElo "2521"]
[BlackElo "2985"]
[TimeControl "180+1"]
[EndTime "8:07:08 PDT"]
[Termination "GMBenjaminBok won by resignation"]

1. e4 c5 2. Be2 g6 3. d3 Bg7 4. f4 Nc6 5. Nf3 d6 6. O-O Nf6 7. c3 O-O 8. Kh1 b5 9. a3 a5 10. Be3 Ba6 11. Nbd2 b4 12. axb4 axb4 13. d4 Bxe2 14. Qxe2 bxc3 15. bxc3 cxd4 16. cxd4 Qd7 17. h3 Rfb8 18. Bf2 Nh5 19. Qe3 Rxa1 20. Rxa1 Bh6 21.
d5 Nd8 22. Qa7 Rb7 23. Qa4 Bxf4 24. Qxd7 Rxd7 25. Ra8 Kg7 26. Nc4 Nb7 27. Rc8 Ng3+ 28. Bxg3 Bxg3 29. Nb6 Rd8 30. Rc7 Nc5 31. e5 Rb8 32.
exd6 Rxb6 33. dxe7 Rb1+ 34. Ng1 Nd3 35. Rc2 Re1 36. Rd2 Nf2+ 37. Rxf2 Bxf2 38. d6 Bxg1 39. d7 Bc5+ 40. Kh2 Bxe7 0-1

[Event "Early-Titled-Tuesday-Blitz-September-12-2023"]
[Site "Chess.com"]
[Date "2023.09.12"]
[Round "1"]
[White "kidagent"]
[Black "M_One1126"]
[Result "0-1"]
[WhiteElo "2220"]
[BlackElo "2570"]
[TimeControl "180+1"]
[EndTime "8:07:08 PDT"]
[Termination "M_One1126 won by resignation"]

1. e4 c5 2. Nf3 d6 3. d4 cxd4 4. Nxd4 Nf6 5. Nc3 a6 6. Bg5 Nbd7 7. Qe2 e6 8. O-O-O Be7 9. h4 Qc7 10. g4 b5 11. Bg2 Bb7 12. Kb1 Rc8 13. Bxf6 gxf6 14. Rhe1 b4 15. Nd5 exd5 16. exd5 Ne5 17.
f4 Qc4 18. fxe5 Qxe2 19. Rxe2 fxe5 20. Nf5 Rc4 21. Re4 Rxe4 22. Bxe4 Rg8 23. Rg1 Bc8 24. c4 Bxf5 25. Bxf5 Bxh4 26. Bxh7 Rh8 27. Be4 Ke7 28. Kc2 Kf6 29. Rf1+ Kg7 30. Kb3 Rb8 31. Rh1 Bg5 32. Rh7+ Kf6 33. Rh1 Be3 34. Rf1+ Bf4 35. Bf5 Kg5 36. Ka4 Bd2 37. Rf2 Be3 38. Re2 Bd4 39. Ka5 Kf4 40. Kxa6 Ra8+ 41. Kb5 Rxa2 42. Kxb4 Kf3 43. Rc2 Rxb2+ 44. Rxb2 Bxb2 45. Kb5 Bd4 46. Kc6 Bc5 47. Kd7 e4 48. Ke7 e3 49. Bd3 Kxg4 50. Kxf7 Kf3 51. Ke6 e2 52. Bxe2+ Kxe2 53. Kd7 Kd3 54. Kc6 Kxc4 0-1

[Event "Early-Titled-Tuesday-Blitz-September-12-2023"]
[Site "Chess.com"]
[Date "2023.09.12"]
[Round "1"]
[White "lamomiajunior"]
[Black "kacprekt"]
[Result "0-1"]
[WhiteElo "2720"]
[BlackElo "2433"]
[TimeControl "180+1"]
[EndTime "8:07:10 PDT"]
[Termination "kacprekt won by resignation"]

1. d4 Nf6 2. c4 d6 3. Nc3 g6 4. e4 Bg7 5. h3 Na6 6. Be3 c5 7. Nf3 O-O 8. d5 Nc7 9. a4 Bd7 10. Bd3 e5 11. O-O Nh5 12. Bg5 f6 13. Bd2 f5 14. exf5 gxf5 15. Nxe5 dxe5 16. Qxh5 e4 17. Bc2 Ne8 18. Qe2 Qb6 19. b3 Qg6 20. Rae1 Kh8 21. f3 Bd4+ 22. Kh1 e3 23. Bxe3 Bxc3 24. Bxc5 Rg8 25.
Rd1 Nf6 26. Qf2 Nh5 27. Bd4+ Bxd4 28. Qxd4+ Rg7 29. Rf2 Rg8 30. c5 Qg3 31. f4 Re8 32. b4 Re3 33. b5 Qxf2 34. Rg1 Rxh3+ 35. gxh3 Qxd4 36. Rxg7 Kxg7 37. c6 Qxd5+ 38. Kg1 bxc6 0-1

[Event "Early-Titled-Tuesday-Blitz-September-12-2023"]
[Site "Chess.com"]
[Date "2023.09.12"]
[Round "1"]
[White "LangesNasenhaar"]
[Black "seopie"]
[Result "0-1"]
[WhiteElo "2470"]
[BlackElo "2831"]
[TimeControl "180+1"]
[EndTime "8:07:13 PDT"]
[Termination "seopie won on time"]

1. d4 Nf6 2. Nc3 d5 3. Bf4 c5 4. e4 Nxe4 5. Nxe4 dxe4 6. dxc5 Qa5+ 7. c3 Qxc5 8. Qa4+ Nc6 9. Qxe4 g6 10. Nf3 Bg7 11. Rd1 O-O 12. Bc4 b5 13. Bd5 Bf5 14. Qe3 Qxe3+ 15. Bxe3 Rac8 16. Bxc6 Rxc6 17. Nd4 Bxd4 18.
Rxd4 a6 19. Ke2 e5 20. Rd2 Be6 21. Ra1 Rb8 22. f4 exf4 23. Bxf4 Re8 24. Kf2 Rc4 25. Be3 Re4 26. Re1 Bxa2 27. Rd4 R4e6 28. Rdd1 Bb3 29.
Rc1 f6 30. Bd4 Kf7 31. Rxe6 Rxe6 32. Re1 Rc6 33. h4 h5 34. Ke3 Bd5 35. g3 a5 36.
Kd2 Bc4 37. Re3 Rd6 38. Kc2 Rc6 39. Rf3 Bd5 40. Rf2 b4 41. Kd2 b3 42. Rf1 a4 43.
Ra1 Ra6 44. Kd3 g5 45. c4 Be6 46. Kc3 Kg6 47. Kb4 Bd7 48. c5 Re6 0-1